 Dungeon Crawl Stone Soup version 0.19.0 (webtiles) character file.

172 Inkary the Cudgeler (level 5, -4/47 HPs)
             Began as a Minotaur Fighter on Nov 1, 2016.
             Slain by a hippogriff (8 damage)
             ... on level 3 of the Dungeon.
             The game lasted 00:02:56 (1847 turns).

Inkary the Cudgeler (Minotaur Fighter)              Turns: 1847, Time: 00:02:57

Health: -4/47      AC: 10    Str: 21    XL:     5   Next: 27%
Magic:  4/4        EV:  7    Int:  5    God:
Gold:   84         SH:  9    Dex: 10    Spells: 0 memorised, 4 levels left

rFire  . . .     SeeInvis .     a - +0 flail
rCold  . . .     Gourm    .     b - +0 scale mail
rNeg   . . .     Faith    .     c - +0 shield
rPois  .         Spirit   .     (helmet restricted)
rElec  .         Reflect  .     (no cloak)
rCorr  .         Harm     .     (no gloves)
MR     .....                    s - +2 pair of boots
Stlth  ..........               (no amulet)
                                (no ring)
                                (no ring)

@: no status effects
A: retaliatory headbutt, horns 2
a: no special abilities


You were on level 3 of the Dungeon.
You were very hungry.

You visited 1 branch of the dungeon, and saw 3 of its levels.

You collected 84 gold pieces.

Inventory:

Hand Weapons
 a - a +0 flail (weapon)
Armour
 b - a +0 scale mail (worn)
 c - a +0 shield (worn)
 s - a +2 pair of boots (worn)
Scrolls
 e - a scroll of amnesia {unknown}
 h - 2 scrolls of identify {unknown}
 i - a scroll of fear {unknown}
 j - a scroll of magic mapping {unknown}
 l - a scroll of random uselessness {unknown}
 p - a scroll of fog {unknown}
 q - a scroll of immolation {unknown}
 r - 2 scrolls of remove curse {unknown}
Potions
 d - 3 potions of might
 g - 2 potions of curing {unknown}
 k - a potion of mutation {unknown}
 m - 2 potions of flight {unknown}
 n - a potion of lignification {unknown}
 o - a potion of heal wounds {unknown}
Comestibles
 f - 3 bread rations


   Skills:
 + Level 4.4 Fighting
 * Level 4.6 Maces & Flails
 + Level 4.5 Armour
 + Level 4.6 Shields


You had 4 spell levels left.
You didn't know any spells.

Dungeon Overview and Level Annotations

Branches:
Dungeon (3/15)

Altars:


Innate Abilities, Weirdness & Mutations

You reflexively headbutt those who attack you in melee.
You have a pair of horns on your head.


Message History

You are too injured to fight recklessly!
You closely miss the hippogriff.
The hippogriff is almost dead.
The jackal barks!
The jackal bites you but does no damage.
The hippogriff bites you.
* * * LOW HITPOINT WARNING * * *
The hippogriff pecks you.
* * * LOW HITPOINT WARNING * * *
The hippogriff claws you.
* * * LOW HITPOINT WARNING * * *
The jackal bites you but does no damage.
A jackal comes into view.
Unknown command.
The jackal barks!
You hit the hippogriff.
The hippogriff is almost dead.
The jackal bites you but does no damage.
The hippogriff bites you!
You die...

#.# ##.# .#.h# #..#
....# ###..# ....#
.....## ...(#
####..# ...# ##†##
..# ## #..###
###H.# .#
#....######.@h#
.####.##........###
............>...#
#####.##.##.#..##
......##.#.....#
########.#...(.....
#.#...##.###
#.##### .# #.# .#


You could see a hippogriff and 2 jackals.

Vanquished Creatures
  Robin (D:2)
  8 adders
  A gnoll (D:1)
  2 worms
  3 dart slugs (D:1)
  2 orcs (D:3)
  10 bats
  11 goblins
  7 hobgoblins
  4 jackals (D:1)
  A quokka (D:2)
  5 frilled lizards
  9 kobolds
  11 rats
75 creatures vanquished.

Notes
Turn   | Place    | Note
-------+----------+-------------------------------------------
     0 | D:1      | Inkary the Minotaur Fighter began the quest for the Orb.
     0 | D:1      | Reached XP level 1. HP: 19/19 MP: 0/0
    68 | D:1      | Reached XP level 2. HP: 24/27 MP: 1/1
   155 | D:1      | Reached XP level 3. HP: 18/33 MP: 2/2
   658 | D:2      | Reached XP level 4. HP: 40/40 MP: 3/3
  1221 | D:2      | Noticed Robin
  1231 | D:2      | Killed Robin
  1591 | D:3      | Reached XP level 5. HP: 47/47 MP: 4/4
  1833 | D:3      | Noticed a hippogriff
  1847 | D:3      | Slain by a hippogriff

Skill      XL: |  1  2  3  4 |
---------------+-------------+-----
Maces & Flails | 3 4 |  4.6
Shields        | 4 |  4.6
Fighting       | 4 |  4.4
Armour         | 4 |  4.5

Action                   |  1- 3 |  4- 6 || total
-------------------------+-------+-------++-------
Melee: Flail             |    78 |   112 ||   190
       Headbutt          |    16 |    18 ||    34
  Eat: Chunk             |       |     2 ||     2
Armor: Scale mail        |    56 |    53 ||   109
Dodge: Dodged            |    36 |    39 ||    75
Block: Shield            |    53 |    65 ||   118
